 Dungeon Crawl Stone Soup version 0.22-a0-858-g985ef60 (webtiles) character file.

25 Leszczynek the Cutter (level 2, 0/18 HPs)
             Began as a Deep Elf Monk on July 27, 2018.
             Was a Believer of Fedhas.
             Slain by an adder (5 damage)
             ... on level 2 of the Dungeon.
             The game lasted 00:05:00 (600 turns).

Leszczynek the Cutter (Deep Elf Monk)                Turns: 600, Time: 00:05:00

Health: 0/18       AC:  2    Str:  8    XL:     2   Next: 86%
Magic:  3/4        EV: 20    Int: 14    God:    Fedhas [**....]
Gold:   76         SH:  0    Dex: 22    Spells: 1/1 levels left

rFire    . . .     SeeInvis .   a - +0 short sword
rCold    . . .     Gourm    .   (no shield)
rNeg     . . .     Faith    .   b - +0 robe
rPois    .         Spirit   .   (no helmet)
rElec    .         Reflect  .   (no cloak)
rCorr    .         Harm     .   (no gloves)
MR       .....                  (no boots)
Stlth    ++++......             (no amulet)
HPRegen  0.06/turn              (no ring)
MPRegen  0.09/turn              (no ring)

@: agile, very slightly contaminated
A: no striking features
a: Fungal Bloom, Sunlight, Evolution, Renounce Religion


You were on level 2 of the Dungeon.
You worshipped Fedhas.
Fedhas was pleased with you.
You were not hungry.

You visited 1 branch of the dungeon, and saw 2 of its levels.

You collected 76 gold pieces.

Inventory:

Hand Weapons
 a - a +0 short sword (weapon)
Missiles
 g - 13 arrows
 i - 7 stones (quivered)
Armour
 b - a +0 robe (worn)
Scrolls
 h - a scroll of teleportation {unknown}
Comestibles
 d - 4 rations


   Skills:
 + Level 2.4 Fighting
 * Level 4.1 Short Blades
 - Level 3.6 Dodging
 - Level 2.4 Stealth


You had one spell level left.
You didn't know any spells.
Your spell library was empty.

Dungeon Overview and Level Annotations

Branches:
Dungeon (2/15)

Altars:
Cheibriados
Elyvilon
Fedhas
Gozag

Shops:
D:2 *


Message History

The adder barely misses you.
All of the chunks of flesh in your inventory have rotted away.
You barely miss the adder.
The adder is heavily wounded.
The adder barely misses you.
You miss the adder.
The adder is heavily wounded.
The adder closely misses you. The adder bites you.
You hit the adder but do no damage.
The adder is heavily wounded.
You feel sick.
You are no longer poisoned.
The adder bites you but does no damage.
You barely miss the adder.
The adder is heavily wounded.
The adder barely misses you.
You feel agile all of a sudden. The adder bites you.
You die...
Fedhas appreciates your contribution to the ecosystem.

..............# ####.....#.#
.............# ####.#####.#
#.....#.....## #(.#.#......
########....# #....#...... #.._.#
##.......... ##...#
#.##...#...... ##.##
#............( .#.####
#(.##########...##.<..(.
.......###(....S@......#.........
≈≈≈≈≈>.......########..#.........
....≈##...##.# #.###........
⌠.⌠.≈ ###.##..# #.####.......
.∩..≈ #.###.# #.#....######
⌠.⌠.≈####.###.# #.#.##.#
.l..≈>........## #.#.##.#
...≈≈####.##....#####...##.#
._.≈. #.###.#.........##.#


You could see an adder.

Vanquished Creatures
  An adder (D:2)
  A leopard gecko (D:2)
  A bat (D:2)
  A giant cockroach (D:2)
  4 hobgoblins
  A quokka (D:2)
  3 frilled lizards (D:2)
  2 kobolds (D:2)
  2 rats (D:1)
16 creatures vanquished.

Vanquished Creatures (others)
  A toadstool (D:2)
1 creature vanquished.

Grand Total: 17 creatures vanquished

Notes
Turn   | Place    | Note
-------+----------+-------------------------------------------
     0 | D:1      | Leszczynek the Deep Elf Monk began the quest for the Orb.
     0 | D:1      | Reached XP level 1. HP: 13/13 MP: 3/3
   155 | D:2      | Found a white marble altar of Elyvilon.
   165 | D:2      | meh
   190 | D:2      | Reached XP level 2. HP: 13/18 MP: 4/4
   281 | D:2      | Found a faded altar of an unknown god.
   284 | D:2      | uhuhuhuhuhuhuhu
   284 | D:2      | Became a worshipper of Fedhas Madash
   284 | D:2      | Reached * piety under Fedhas
   284 | D:2      | Reached ** piety under Fedhas
   285 | D:2      | noooo
   349 | D:2      | Found an opulent altar of Gozag.
   349 | D:2      | Found Gozag's Platinum Reserve.
   358 | D:2      | Found a snail-covered altar of Cheibriados.
   404 | D:2      | Reached skill level 4 in Short Blades
   600 | D:2      | Slain by an adder

Vault maps used:
D:1:      lightli_arrival_statuegarden
D:2:      lemuel_round_altar, nicolae_overflow_crystal_walls,
          cheibriados_altar_1, chequers_ecumenical_altar_grove,
          nicolae_gozag_zags_fifth_avenue

Skill      XL: |  1  2 |
---------------+-------+-----
Short Blades   | 4 |  4.1
Fighting       | |  2.4
Dodging        | |  3.6
Stealth        | |  2.4

Action                   || total
-------------------------++-------
Melee: Short sword       ||    72
Throw: Stone             ||    10
Invok: Sunlight          ||     3
       Fungal Bloom      ||     1
  Use: Potion            ||     2
       Scroll            ||     1
 Stab: Sleeping          ||     1
Armor: Robe              ||     7
Dodge: Dodged            ||    44

Table legend:
 A = Spawn XP
 B = Non-spawn XP
 C = Spawn XP percentage of total XP
 D = Spawn monster count
 E = Non-spawn monster count
 F = Spawn count percentage of total count
 G = Total turns spent on level
                    A         B        C        D         E        F      G
               +---------+---------+-------+---------+---------+-------+---------
         Total |       0 |      37 |   0.0 |       0 |      16 |   0.0 |   600
               +---------+---------+-------+---------+---------+-------+---------
           D:1 |       0 |       6 |   0.0 |       0 |       4 |   0.0 |   147
           D:2 |       0 |      31 |   0.0 |       0 |      12 |   0.0 |   453
               +---------+---------+-------+---------+---------+-------+---------
